[Event "TUR-ch U13-18 Open 2023"]
[Site "Antalya"]
[Date "2023.01.28"]
[Round "10"]
[White "Kavri, Yusuf Eren"]
[Black "Kutdemir, Mehmet"]
[Result "1-0"]
[ECO "A86"]
[WhiteElo "2050"]
[BlackElo "1369"]
[Annotator "TA"]
[PlyCount "67"]
[EventDate "2023.01.17"]
[EventType "swiss"]
[EventCountry "TUR"]
[SourceTitle "playchess.com"]
[Source "ChessBase"]
[SourceQuality "1"]
[TimeControl "5400+30"]

1. d4 f5 2. c4 Nf6 3. Nc3 g6 4. g3 Bg7 5. Bg2 d6 6. Nh3 O-O 7. d5 Na6 8. O-O {[%emt 0:05:30] The old main line.} Nc5 9. Qc2 $1 e5 {[%emt 0:02:30][%cal Of5f4] A86: Dutch Defence: Leningrad System: Unusual lines and 5 Nh3.} 10. dxe6 Nxe6 11. Ng5 c6 {[%emt 0:07:30] [#] The position is equal.} 12. Rd1 $146 ({Predecessor:} 12. Nxe6 Bxe6 13. b3 Qe7 14. e3 Rad8 15. Bb2 g5 16. Rab1 Qf7 17. Ne2 d5 18. Nd4 dxc4 19. Nxe6 Qxe6 20. bxc4 {½-½ Holzapfel,D (2304)-Stanke,J (2308) BL2-Nord 0405 2004 (5.5)}) 12... Ne8 13. h4 Qe7 14. Rb1 h6 15. Nf3 Nc5 16. Nd4 Be6 (16... a5 $11 {keeps the balance.}) 17. b4 $16 {[%emt 0:03:30] Black is now going downhill.} Nd7 18. b5 Rc8 (18... Bxd4 {keeps fighting.} 19. Rxd4 Qg7) 19. bxc6 $18 bxc6 20. Nxc6 Qf7 21. Rb7 {[%emt 0:02:30] [#] Nb5 is the strong threat.} (21. Nxa7 Rxc4 22. Nab5 Nc5 $16) 21... Bxc4 22. Nxa7 (22. Rxa7 Kh7 23. Bd5 Bxd5 24. Nxd5 Qe6 $18) 22... Rb8 23. Rxb8 (23. Bd5 Bxd5 24. Rxb8 Be4 25. Nxe4 fxe4 $17) 23... Nxb8 24. Nab5 Qd7 25. a4 Kh7 26. Bf4 Qe6 27. Bd5 ({Weaker is} 27. Nxd6 Bb3 28. Qd3 Bxd1 $11) 27... Bxd5 28. Nxd5 Rf7 29. a5 Rb7 30. Qc4 Na6 $2 {[%emt 0:01:30] [#]} (30... Qe4 31. Qxe4 (31. Nxd6 Nxd6 32. Qd3 Qxd3 $15) 31... fxe4) 31. Nxd6 $1 {[%emt 0:05:15][%mdl 576] Discovered Attack. White is clearly winning.} Nxd6 32. Qxa6 Be5 33. Bxe5 {[%emt 0:01:52][%mdl 64] Remove Defender} Qxe5 34. Nf4 {[%emt 0:01:08] Weighted Error Value: White=0.21 (precise) /Black=0.40} 1-0

[Event "TUR-ch U13-18 Open 2023"]
[Site "Antalya"]
[Date "2023.01.28"]
[Round "10"]
[White "Temizer, Umut"]
[Black "Kandaz, Berat Efe"]
[Result "1-0"]
[ECO "B53"]
[WhiteElo "1989"]
[BlackElo "1650"]
[Annotator "TA"]
[PlyCount "77"]
[EventDate "2023.01.17"]
[EventType "swiss"]
[EventCountry "TUR"]
[SourceTitle "playchess.com"]
[Source "ChessBase"]
[SourceQuality "1"]
[TimeControl "5400+30"]

1. e4 c5 2. Nf3 d6 3. Bb5+ Nd7 4. d4 cxd4 5. Qxd4 a6 6. Bxd7+ Bxd7 7. O-O Nf6 8. Bg5 e6 {[%emt 0:00:30] 8...e6 scores better than 8...h6.} 9. Nc3 Bc6 10. Rad1 {[%emt 0:02:30] B53: Sicilian: 2...d6: Lines with Qxd4.} Be7 11. Qe3 {[%emt 0:06:30] [#]} h6 $146 (11... Qc7 $11) ({Predecessor:} 11... Qa5 12. e5 Ng4 13. Qf4 Bxg5 14. Qxg4 Bxf3 15. Qxf3 Qxe5 16. Rfe1 Qa5 17. Rd5 Qb4 18. Rxg5 {1-0 Terry,R (2504)-Solon,N (2306) Titled Tuesday intern op 03rd Aug blitz 2021 (2)}) 12. Bh4 {[%emt 0:10:30] White is more active.} (12. Bxf6 $14 gxf6 13. h3) 12... Ng4 13. Qf4 {[%emt 0:00:30] [#] Threatens to win with Bxe7.} Bxh4 14. Qxg4 (14. Rxd6 $1 $11 Qb8 15. Nxh4) 14... Bf6 $15 15. Rfe1 {[%emt 0:14:00] aiming for e5.} Bxc3 16. bxc3 Qf6 (16... O-O $15) 17. Rxd6 $11 Qxc3 18. Rd3 $36 {[%emt 0:01:30][%mdl 2048] White has good play.} Qf6 19. e5 Bxf3 20. Rxf3 Qg5 21. Qe4 Qe7 22. Rb1 Ra7 23. Rg3 g6 24. Rc3 Kf8 25. Rc8+ Kg7 26. Rxh8 Kxh8 {[%emt 0:00:30][%mdl 4096] Endgame KQR-KQR} 27. Qe3 b5 28. Qxh6+ Kg8 29. h4 Rd7 30. h5 Qh4 $1 31. a4 gxh5 32. axb5 axb5 33. g3 Qe4 34. Qg5+ (34. Rxb5 $2 {gets mated.} Rd1+ 35. Kh2 Qh1#) 34... Kf8 35. Qxh5 Qxc2 36. Ra1 {[%emt 0:00:02] White wants to mate with Qh8+.} (36. Rxb5 $2 {perishes.} Rd1+ 37. Kg2 Qc6+ 38. Qf3 Rg1+ 39. Kxg1 Qxf3 $19) 36... Qc6 $2 {[%emt 0:00:34][%mdl 8192] [#]} (36... Kg7 $11) 37. Ra8+ $3 $18 Kg7 (37... Qxa8 38. Qh8+) 38. Qh8+ Kg6 39. Qf6+ {[%emt 0:00:00] An entertaining game by Temizer.   Weighted Error Value: White=0.08 (flawless) /Black=0.23 (precise)} 1-0

[Event "TUR-ch U13-18 Open 2023"]
[Site "Antalya"]
[Date "2023.01.28"]
[Round "10"]
[White "Durucay, Uygar"]
[Black "Zerey, Demhat"]
[Result "1-0"]
[ECO "A46"]
[WhiteElo "1926"]
[BlackElo "1756"]
[Annotator "TA"]
[PlyCount "81"]
[EventDate "2023.01.17"]
[EventType "swiss"]
[EventCountry "TUR"]
[SourceTitle "playchess.com"]
[Source "ChessBase"]
[SourceQuality "1"]
[TimeControl "5400+30"]

1. d4 Nf6 2. Nf3 e6 3. Bg5 c5 4. e3 cxd4 5. exd4 Qb6 6. Qc1 {[%emt 0:00:00] A46: 1 d4 Nf6 2 Nf3 e6: Torre, London and Colle Systems.} Nc6 7. c3 d5 8. Bd3 {[%emt 0:01:30] The position is equal.} Be7 (8... h6 $5 9. Bf4 g5 $11) 9. O-O Bd7 {[%emt 0:02:30] [#]} 10. Ne5 $146 ({Predecessor:} 10. Nbd2 O-O 11. Ne5 Qc7 12. Ndf3 h6 13. Nxd7 Qxd7 14. Bf4 Rac8 15. Re1 Nb4 16. Bb1 {½-½ Vigneron,M-Zorn,J FRA AJEC/06IR corr 1991}) 10... h6 11. Be3 Rc8 12. Qd2 Na5 13. Qe2 Nc6 14. a4 h5 15. h3 Bd6 16. Nd2 a5 17. Ndf3 Qc7 18. Bf4 {[%emt 0:00:30] White is much more active.} Bxe5 19. Nxe5 Nxe5 20. Bxe5 (20. dxe5 Bc6 $16) (20. Qxe5 Qxe5 21. Bxe5 (21. dxe5 Ne4 $14) 21... Ke7 $14) 20... Qc6 (20... Qd8 $16 {was called for.} 21. f4 O-O) 21. Qf3 $18 {[%emt 0:00:00] And now Qg3 would win.} ({But not} 21. Bb5 $6 Qb6 $16) 21... Ke7 22. Rfe1 Rhg8 (22... Qb6 $142 23. Re2 h4 24. Bxf6+ gxf6) 23. Qe2 Rce8 (23... h4 $142 24. Qf3 Qb6) 24. b4 Rc8 25. bxa5 Qxc3 26. Rab1 Bc6 {[%emt 0:02:18] [#]} (26... Rgd8 27. Rxb7 Qxa5) 27. a6 bxa6 28. Bxa6 {[%emt 0:00:00] This pair of bishops is nice.} Bxa4 (28... Bd7 $142 29. Bxc8 Rxc8) 29. Bxc8 Rxc8 30. Qa6 Bd7 31. Qd6+ (31. Bd6+ $142 Kd8 32. Bc5 Rxc5 33. dxc5) 31... Ke8 32. Re3 {[%emt 0:01:30] [#] Bxf6 would kill now.} Qc6 33. Qb4 {[%emt 0:00:30] Strongly threatening Bxf6. Black is weak on the dark squares} Qc4 34. Qa3 {[%emt 0:00:30] Threatening mate with Bxf6.} h4 $2 (34... Qa4 35. Qd6 Qc6 36. Qxc6 Bxc6) 35. Qa7 Qa4 36. Qxa4 Bxa4 37. Rb4 Rc1+ 38. Kh2 Bc6 (38... Rc4 {was necessary.} 39. Bd6 Kd7) 39. Rb8+ Ke7 40. Rh8 ({Don't take} 40. Rc8 Ne8 41. Ra3 Rc4) (40. Ra3 $18) 40... Rc4 (40... Ne4 $16) 41. Rxh4 {[%emt 0:03:00] Weighted Error Value: White=0.42/Black=0.48} 1-0

[Event "TUR-ch U13-18 Open 2023"]
[Site "Antalya"]
[Date "2023.01.28"]
[Round "10"]
[White "Anacak, Hasan Gunes"]
[Black "Caliskan, Seha"]
[Result "1-0"]
[ECO "C01"]
[WhiteElo "1898"]
[BlackElo "1954"]
[Annotator "TA"]
[PlyCount "79"]
[EventDate "2023.01.17"]
[EventType "swiss"]
[EventCountry "TUR"]
[SourceTitle "playchess.com"]
[Source "ChessBase"]
[SourceQuality "1"]
[TimeControl "5400+30"]

1. e4 e6 2. d4 d5 3. Bd3 dxe4 4. Bxe4 Nf6 5. Bf3 c5 6. Ne2 Nc6 {[%emt 0:04:30][%cal Rc5d4] C01: French: Exchange Variation.} 7. Be3 cxd4 8. Nxd4 Ne5 {[%emt 0:01:30] The position is equal.} 9. Nc3 a6 10. Qe2 Bb4 (10... Nxf3+ $11 {remains equal.} 11. Nxf3 b5) 11. O-O-O $1 $40 {[%emt 0:02:30][%mdl 128] White goes for the king.} Qe7 {[%emt 0:05:30] [#]} 12. Bg5 $1 Nxf3 (12... Qc5 $16) 13. Qxf3 $18 {[%emt 0:00:00] Nc6 is the strong threat.} (13. Nxf3 Bxc3 14. bxc3 Bd7 $15) 13... Bxc3 {[%emt 0:05:30] [#]} 14. Nc6 {[%emt 0:00:00] Prevents Ba5.} ({Worse is} 14. bxc3 h6 15. Bxf6 Qxf6 $11) (14. Qxc3 Ne4 $11) 14... bxc6 15. Qxc6+ Bd7 $2 (15... Kf8 16. Qxa8 Bxb2+ {[%mdl 64] Decoy} 17. Kxb2 Qb4+ 18. Kc1 Qa3+ 19. Kd2 (19. Kb1 Qb4+ 20. Kc1 Qa3+ 21. Kd2 Qa5+ 22. Ke2 Qc7 $18) 19... Qa5+ 20. Ke2 Qc7) 16. Qxa8+ Qd8 17. Qxd8+ ({Not} 17. Qxa6 Qa5 18. Qxa5 Bxa5 $11) 17... Kxd8 18. bxc3 Ke7 19. Rd4 Rc8 20. Rhd1 Bb5 21. a4 {[%emt 0:02:30] [#]} Bc6 $146 ({Predecessor:} 21... Be8 22. Rb4 h6 23. Rb7+ Kf8 24. Bxf6 gxf6 25. Rd4 e5 26. Rd6 Bxa4 27. Rxf6 Be8 28. Ra7 Kg7 29. Raxa6 Rxc3 30. Rf5 Bb5 31. Ra5 Bc6 32. Rfxe5 Bxg2 33. Re3 {1-0 Vavulin,M (2445)-Persson,R (2158) SRB Central-ch op-A 8th 2015 (5)}) 22. Rc4 h6 23. Bxf6+ gxf6 {[%emt 0:00:30][%mdl 4096] Endgame KRR-KRB} 24. Rc5 e5 25. Rd3 {[%emt 0:00:30] White is clearly winning.} h5 26. c4 Rc7 27. g3 Rc8 28. Kb2 Ke6 29. Ka3 Ke7 30. Kb4 Rb8+ 31. Ka5 Be4 32. Rc7+ Ke6 33. Rb3 Rd8 34. Rb6+ {[%emt 0:00:10][%mdl 64] Deflection, Double Attack} Kf5 35. Rxf7 Bxc2 36. f3 h4 37. Rfxf6+ Kg5 38. gxh4+ Kxh4 39. Rh6+ Kg5 40. Rbf6 {[%emt 0:00:00] White took control after the opening.   Weighted Error Value: White=0.07 (flawless) /Black=0.42} 1-0

[Event "TUR-ch U13-18 Open 2023"]
[Site "Antalya"]
[Date "2023.01.28"]
[Round "10"]
[White "Ergin, Sahin"]
[Black "Ince, Taylan Ruzgar"]
[Result "1/2-1/2"]
[ECO "D03"]
[WhiteElo "1878"]
[BlackElo "2267"]
[Annotator "TA"]
[PlyCount "40"]
[EventDate "2023.01.17"]
[EventType "swiss"]
[EventCountry "TUR"]
[SourceTitle "playchess.com"]
[Source "ChessBase"]
[SourceQuality "1"]
[TimeControl "5400+30"]

1. d4 Nf6 2. Nf3 g6 3. Bg5 Bg7 4. Nbd2 d5 5. e3 O-O 6. Be2 c5 7. c3 cxd4 {[%emt 0:00:00] D03: 1 d4 d5 2 Nf3 Nf6 3 Bg5, including Torre Attack with early ...d5.} 8. cxd4 Qb6 9. Qb3 Qxb3 10. Nxb3 Nc6 11. O-O Ne4 12. Bf4 Bd7 {[%emt 0:03:30] [#]} 13. Rac1 $146 ({Predecessor:} 13. Rfc1 Rfc8 14. Nc5 Nxc5 15. Rxc5 e6 16. Bd6 f6 17. Rac1 Bf8 18. Bxf8 Kxf8 19. a3 Ke7 20. Bb5 Kd6 21. Bxc6 Rxc6 22. Rxc6+ Bxc6 23. Nd2 Bb5 24. Rc5 {½-½ Laxman,R (2411)-Svidler,P (2714) Titled Tuesday intern op 23rd Mar blitz 2021 (3)}) 13... Rfc8 {[%emt 0:04:30] The position is equal.} 14. a3 Nd8 15. Rxc8 Rxc8 16. Rc1 {[%emt 0:00:30] Against Rc2} Rxc1+ 17. Nxc1 f6 18. Bc7 Nc6 19. Nb3 b6 20. Bb5 Kf7 {[%emt 0:08:30] An uneventful encounter.   Weighted Error Value: White=0.04 (flawless) /Black=0.05 (flawless)} 1/2-1/2

[Event "TUR-ch U13-18 Open 2023"]
[Site "Antalya"]
[Date "2023.01.28"]
[Round "10"]
[White "Sozat, Arda"]
[Black "Torun, Kagan"]
[Result "1/2-1/2"]
[ECO "C10"]
[WhiteElo "1877"]
[BlackElo "1442"]
[Annotator "NA RC COMBH"]
[PlyCount "117"]
[EventDate "2023.01.17"]
[EventType "swiss"]
[EventCountry "TUR"]
[SourceTitle "playchess.com"]
[Source "ChessBase"]
[SourceQuality "1"]
[TimeControl "5400+30"]

1. e4 e6 2. d4 d5 3. Nc3 dxe4 4. Nxe4 Nd7 5. Nf3 Ngf6 6. Bg5 Be7 7. Bxf6 Bxf6 8. c3 O-O 9. Bd3 b6 10. Qe2 Bb7 11. Rd1 Qe7 12. O-O c5 13. dxc5 Nxc5 14. Nxc5 Qxc5 15. Be4 Qc7 16. Nd2 Rfd8 17. Bxb7 Qxb7 18. Ne4 Be7 19. f4 Rxd1 20. Rxd1 Qc7 21. g3 Rd8 22. Rxd8+ Qxd8 23. Qd2 Qxd2 24. Nxd2 g5 25. Ne4 h6 26. Kf2 Kg7 27. Kf3 Kg6 28. Nf2 Bd6 29. Nd3 gxf4 30. gxf4 Kf5 31. c4 a5 32. h3 h5 33. Ke3 Bc5+ 34. Kf3 f6 35. a3 a4 36. Nc1 e5 37. fxe5 fxe5 38. b4 axb3 39. Nxb3 e4+ 40. Ke2 Bxa3 41. Nd4+ Ke5 42. Nc6+ Kf4 43. Nd8 Bc5 44. Ne6+ Ke5 45. Nc7 Kd4 46. Nd5 Kxc4 47. Nf6 e3 48. Nxh5 b5 49. Nf4 b4 50. h4 b3 51. Nd3 Bd4 52. h5 Kd5 53. Kf3 Ke6 54. h6 Kf6 55. Ke2 Kg6 56. Kd1 Kxh6 57. Ne1 Bc3 58. Nd3 Kg5 59. Nc5 1/2-1/2

[Event "TUR-ch U13-18 Open 2023"]
[Site "Antalya"]
[Date "2023.01.28"]
[Round "10"]
[White "Dirikolu, Deniz"]
[Black "Arslan, Mustafa Alparslan"]
[Result "1-0"]
[ECO "B75"]
[WhiteElo "1868"]
[BlackElo "1439"]
[Annotator "NA RC COMBH"]
[PlyCount "88"]
[EventDate "2023.01.17"]
[EventType "swiss"]
[EventCountry "TUR"]
[SourceTitle "playchess.com"]
[Source "ChessBase"]
[SourceQuality "1"]
[TimeControl "5400+30"]

1. e4 c5 2. Nf3 d6 3. d4 cxd4 4. Nxd4 Nf6 5. Nc3 g6 6. Be3 Bg7 7. f3 a6 8. Qd2 h5 9. Be2 {[%emt 0:00:00] is now more promising than 9.0-0-0.} Nbd7 10. O-O b5 11. a4 bxa4 12. Rxa4 Bb7 13. Nb3 {[%emt 0:02:30] [#]} Nb6 $146 ({Predecessor:} 13... O-O 14. Na5 Qc7 15. Rfa1 Rfb8 16. Rc4 Qd8 17. Rb4 Qc7 18. Kh1 Bc6 19. Nxc6 Qxc6 {½-½ Garcia Padron,J (2403)-Belezky,A (2370) Lanzarote op 2018 (8)}) 14. Rb4 Nfd7 15. Bxb6 Nxb6 16. Qe3 Bh6 17. Qf2 (17. Qxb6 $2 {too greedy.} Qxb6+ {[%mdl 64] Remove Defender} 18. Rxb6 Be3+ 19. Kh1 Bxb6 $19) 17... Nd7 18. Rxb7 Qc8 19. Rb4 O-O 20. Rc4 Qb7 21. Nd5 Nc5 22. Nxc5 dxc5 23. Qxc5 Qxb2 24. Nxe7+ Kh7 25. f4 a5 26. Ra4 Rad8 27. Bd3 Rfe8 28. Nd5 Rc8 29. Qxa5 Bg7 30. Qb4 Qxb4 31. Rxb4 Rcd8 $18 32. Rb7 Kg8 33. f5 Bd4+ 34. Kh1 gxf5 35. Rxf5 Ra8 36. Rbxf7 Ra1+ 37. Rf1 Rb8 38. Rxa1 Bxa1 39. Rf1 Be5 40. Nf6+ Kg7 41. Nd7 Re8 42. Nxe5 Rxe5 43. Rf5 Rxf5 44. exf5 Kf6 1-0

[Event "TUR-ch U13-18 Open 2023"]
[Site "Antalya"]
[Date "2023.01.28"]
[Round "10"]
[White "Yildirim, Kemal"]
[Black "Ozen, Metehan"]
[Result "0-1"]
[ECO "B90"]
[WhiteElo "1804"]
[BlackElo "2137"]
[Annotator "TA"]
[PlyCount "71"]
[EventDate "2023.01.17"]
[EventType "swiss"]
[EventCountry "TUR"]
[SourceTitle "playchess.com"]
[Source "ChessBase"]
[SourceQuality "1"]
[TimeControl "5400+30"]

1. e4 c5 2. Nf3 d6 3. d4 cxd4 4. Nxd4 Nf6 5. Nc3 a6 6. Qd3 {[%emt 0:00:00] B90: Sicilian Najdorf: Unusual White 6th moves, 6 Be3 Ng4 and 6 Be3 e5.} e5 7. Nf5 Bxf5 8. exf5 {[%emt 0:00:30] White is slightly better.} h6 {[%emt 0:05:30] [#]} 9. g3 $146 (9. Be3 $14) ({Predecessor:} 9. Be3 Nc6 10. O-O-O Nb4 11. Qd2 Rc8 12. Kb1 d5 13. f4 Qa5 14. a3 d4 15. Bxd4 exd4 {1-0 Brodsky,D (2484)-Stearman,J (2375) Saint Louis Congress GM 2022 (1)}) 9... d5 $15 10. Bg2 e4 $1 ({But not} 10... Bb4 11. Bd2 $11) 11. Qe2 Bb4 12. O-O O-O 13. Rd1 {[%emt 0:03:30][%cal Oc3d5] [#] And now Nxd5! would win.} Bxc3 14. bxc3 Qc8 15. Be3 (15. g4 $11 {remains equal.}) 15... Qxf5 $17 16. c4 dxc4 17. Qxc4 Nc6 18. h3 Ne5 19. Qe2 h5 20. Rab1 b5 21. Rb4 Nf3+ 22. Kh1 Rad8 23. c4 Rxd1+ 24. Qxd1 Ne5 (24... Rc8 $17 25. Qf1 bxc4 26. Rxc4 Rd8 27. Bxf3 Qxf3+ 28. Kh2 Rd1 29. Rc8+ {[%mdl 64] Discovered Attack} Kh7) 25. cxb5 $15 Nd3 26. Rb3 (26. Rd4 $1 $15) 26... axb5 $17 ({Reject} 26... Nxf2+ $6 27. Bxf2 Qxf2 28. b6 $11) 27. Kg1 Rd8 $36 {[%emt 0:05:30][%mdl 2048] White is under strong pressure.} 28. Qb1 Rd5 {[%emt 0:01:30] Black has more active pieces.} 29. Ra3 Ne5 {[%emt 0:04:11] Threatens to win with ...Qd7. Excellent horsemanship.} 30. Ra8+ (30. Rc3 $17) 30... Kh7 $19 31. Ra6 $2 (31. Bf4) 31... Nf3+ 32. Kh1 g6 (32... Ng4 $142 {Hoping for ...Nxe3.} 33. Rc6 (33. hxg4 $2 {too greedy.} hxg4 $19) 33... Nxe3 34. fxe3 g6) 33. Qa1 $2 {[%emt 0:00:29] [#]} (33. Ra7 Ng4 34. hxg4 hxg4 35. Bxf3 {[%mdl 64] Remove Defender} Qxf3+ 36. Kg1) 33... Qd7 $1 {[%emt 0:01:55] ( -> ...Rd1+)} 34. Bd4 (34. Qf1 Rd1) 34... Rxd4 35. Bxf3 Qxh3+ 36. Kg1 {[%emt 0:00:00] Weighted Error Value: White=0.76/Black=0.16 (very precise)} 0-1

[Event "TUR-ch U13-18 Open 2023"]
[Site "Antalya"]
[Date "2023.01.28"]
[Round "10"]
[White "Uysal, Ugur"]
[Black "Ozen, Mehmet Safa"]
[Result "1-0"]
[ECO "E69"]
[WhiteElo "1760"]
[BlackElo "1536"]
[Annotator "NA RC COMBH"]
[PlyCount "65"]
[EventDate "2023.01.17"]
[EventType "swiss"]
[EventCountry "TUR"]
[SourceTitle "playchess.com"]
[Source "ChessBase"]
[SourceQuality "1"]
[TimeControl "5400+30"]

1. Nf3 Nf6 2. d4 g6 3. c4 Bg7 4. g3 O-O 5. Bg2 d6 6. O-O c6 7. Nc3 Qa5 8. h3 e5 9. e4 Nbd7 10. Re1 exd4 11. Nxd4 Ne5 12. Bf1 Qb6 13. Kg2 c5 14. Ndb5 Be6 15. Qxd6 Nxc4 16. Qxb6 Nxb6 17. Nc7 Rac8 18. Nxe6 fxe6 19. Be3 Nfd7 20. Rad1 Ne5 21. f4 Nec4 22. Bc1 Na5 23. e5 Nc6 24. Be3 Nb4 25. Ne4 Nc2 26. Re2 Nxe3+ 27. Rxe3 Nd5 28. Ree1 Rfd8 29. Nd6 Rc6 30. Bc4 Rcxd6 31. exd6 Rxd6 32. Rxe6 Rxe6 33. Bxd5 1-0

[Event "TUR-ch U13-18 Open 2023"]
[Site "Antalya"]
[Date "2023.01.28"]
[Round "10"]
[White "Sezis, Doruk"]
[Black "Dolek, Gokalp Deniz"]
[Result "1-0"]
[ECO "D02"]
[WhiteElo "1743"]
[BlackElo "1740"]
[Annotator "NA RC COMBH"]
[PlyCount "77"]
[EventDate "2023.01.17"]
[EventType "swiss"]
[EventCountry "TUR"]
[SourceTitle "playchess.com"]
[Source "ChessBase"]
[SourceQuality "1"]
[TimeControl "5400+30"]

1. d4 d5 2. Nf3 Nf6 3. g3 c5 4. Bg2 cxd4 5. O-O h6 6. b3 Nc6 7. Nxd4 e5 8. Nxc6 bxc6 9. Bb2 Bd6 10. c4 Bb7 11. cxd5 cxd5 12. Nc3 Qa5 13. Qd3 Rd8 14. Qb5+ Qxb5 15. Nxb5 Bb8 16. Rac1 O-O 17. Ba3 Rfe8 18. Nc7 Bxc7 19. Rxc7 Rb8 20. Rfc1 Rec8 21. Bb2 Re8 22. e3 a5 23. Bc3 a4 24. bxa4 Ba6 25. f4 e4 26. h3 Bc4 27. Bf1 Bxf1 28. Kxf1 Rec8 29. Bd4 Rxc7 30. Rxc7 Rb4 31. Rc8+ Kh7 32. Ra8 Rc4 33. a5 Rc1+ 34. Ke2 Rc2+ 35. Kd1 Rxa2 36. a6 Ne8 37. a7 Nc7 38. Rc8 g5 39. Rxc7 1-0

[Event "TUR-ch U13-18 Open 2023"]
[Site "Antalya"]
[Date "2023.01.28"]
[Round "10"]
[White "Ozkeskin, Nazim Efe"]
[Black "Taspinar, Yanki"]
[Result "0-1"]
[ECO "B22"]
[WhiteElo "1742"]
[BlackElo "2275"]
[Annotator "TA"]
[PlyCount "147"]
[EventDate "2023.01.17"]
[EventType "swiss"]
[EventCountry "TUR"]
[SourceTitle "playchess.com"]
[Source "ChessBase"]
[SourceQuality "1"]
[TimeControl "5400+30"]

1. e4 c5 2. c3 Nf6 3. e5 Nd5 4. Nf3 Nc6 5. d4 cxd4 6. cxd4 d6 7. Bc4 dxe5 8. Bxd5 Qxd5 9. Nc3 Qa5 {B22: Sicilian: 2 c3.} (9... Qd6 $1 $11 10. d5 Nb4) 10. d5 $1 $14 {[%mdl 1024] White has compensation.} e4 11. Ng5 Nb4 {White is better.} 12. O-O $1 Bf5 13. a3 {d6 is the strong threat.} (13. Qh5 $6 Bg6 14. Qe2 Nxd5 $11) 13... Rd8 {[%cal Rb4d5] [#]} 14. Qb3 $146 (14. Qh5 g6 15. Qh4 Nxd5 16. Ngxe4 h6 17. Nxd5 Qxd5 $17) (14. d6 $1 $14 e6 15. Ngxe4 (15. axb4 Qxa1 16. Ngxe4 Qa6 $11) (15. Ncxe4 Nc6 $15)) ({Predecessor:} 14. axb4 Qxa1 15. Nb5 Rc8 16. d6 exd6 17. Qd5 Rxc1 18. h3 Rxf1+ 19. Kh2 Bg6 20. Qxb7 {1-0 Boruchovsky,A (2548)-Ahn,H (2282) Titled Tuesday intern op 13th Sep Late blitz 2022 (3)}) 14... Nxd5 $11 15. Rd1 (15. Qxb7 Nxc3 16. bxc3 Qb6 17. Qxb6 (17. Rb1 Qxb7 18. Rxb7 f6 $17) 17... axb6 $17) 15... e6 (15... h6 $2 16. Nxd5 Rxd5 17. Qxd5 $18) 16. Qxb7 Rd7 17. Qc6 $132 {[%cal Og5f7][%mdl 2048] White has counterplay} Qb6 {Some like it hot} 18. Qxb6 axb6 19. Ngxe4 Be7 20. Nxd5 {Ng3 would be deadly.} exd5 21. Nc3 (21. Ng5 $11) 21... d4 $15 22. Nb5 Bf6 23. Bf4 Bc2 {This pair of bishops is nice.} 24. Nd6+ Kd8 $1 25. Rd2 d3 26. Nc4 (26. g3 $17) 26... b5 $2 (26... Re8 $1 $19 {[%cal Re8e4] Hoping for ...Re4.} 27. g3 Re6) 27. Ne5 Bxe5 28. Bxe5 f6 29. Bc3 Re8 30. Rc1 Kc7 31. Bb4 Kc6 32. Kf1 Rd5 33. f3 h5 34. Re1 (34. Rdd1 $11) 34... Rxe1+ $17 35. Kxe1 {[%mdl 4096] Endgame KRB-KRB} Re5+ 36. Kf2 Kd5 37. Bc3 Re8 (37... Re7 $1 $17) 38. Bb4 (38. h4 $15) 38... Kc4 39. Bc3 Re6 40. f4 Kb3 41. Kf3 Ka2 42. g4 ({White should try} 42. Kg3) 42... hxg4+ 43. Kxg4 Kb1 $1 44. Kf5 (44. Rg2 $17) 44... Rc6 $1 $19 45. Bb4 (45. Ke4 {nothing else works.}) 45... Kxb2 46. Kg6 Rc7 (46... Rc4 $19 {[%cal Oc4b4] and Black stays clearly on top. aiming for ...Rxb4!} 47. Kxg7 Rxf4) 47. f5 $17 Kc1 {Strongly threatening ...Rd7.} 48. Rg2 Bd1 49. Bd2+ (49. h4 $17 {might work better.}) 49... Kb1 (49... Kb2 $19 50. Bb4+ Kc1 51. Bd2+ Kb2 52. Bb4+ Be2) 50. h4 Rd7 (50... Be2 $19 {has better winning chances. White must now prevent ...Rc2.} 51. Ba5 Ra7) 51. h5 Bf3 {Black is more active.} (51... Kb2 $5 52. h6 gxh6 53. Bb4+ Kc1 54. Bd2+ Kb2 55. Bb4+ Kc1 56. Bd2+ Kb2 $15) 52. Rf2 Be4 53. h6 gxh6 54. Bxh6 Rd6 55. Kf7 Rc6 56. Ke7 Bd5 ({Black should play} 56... Rc2 $1 $17 57. Rf1+ Kb2) 57. Bf4 $2 (57. Rd2 $1 $11 {and White stays safe.}) 57... Be4 (57... Bb3 $19 58. Rd2 Bc2) 58. Bh6 $1 Ra6 (58... Rc2 $1 $17 59. Rf1+ Kb2 60. Kxf6 Rh2) 59. Be3 $11 Bd5 60. Bd4 (60. Rd2 $1 $11) 60... Kc1 (60... Rxa3 $6 61. Rb2+ Kc1 62. Rxb5 $11) 61. Be3+ Kb1 62. Bd4 {[#]} Be4 (62... Rxa3 $6 63. Rb2+ Kc1 64. Rxb5 $11) (62... Bc4 $1 $17 63. Bc5 Bb3) 63. Rb2+ Kc1 64. Rxb5 (64. Rf2 $1 $11 {keeps the balance.}) 64... d2 $17 (64... Rxa3 65. Bb2+ (65. Kxf6 $2 d2 $19) 65... Kc2 66. Bxa3 $11) 65. Be3 Kc2 (65... Rxa3 66. Rc5+ (66. Bxd2+ Kxd2 67. Kxf6 Bh1 $11) 66... Bc2 67. Bxd2+ Kxd2 68. Kxf6 $11) (65... Bd3 {seems wilder.} 66. Rc5+ Kd1 67. Rd5 Ke2) 66. Bxd2 Kxd2 {KRB-KR} 67. Kf7 $2 (67. Rb3 $17) 67... Ke3 $19 ({Weaker is} 67... Rxa3 68. Kxf6 Rh3 69. Kg7 $11) 68. Kg6 Kf4 {[%cal Oe4c6] And now ...Bc6! would win.} (68... Rxa3 69. Kxf6 Kf4 70. Rb6 $15) 69. Rb4 Ke5 ({Inferior is} 69... Rxa3 70. Kxf6 Ra6+ 71. Ke7 $15) 70. Rb5+ {[#]} Bd5 $1 {Black is clearly winning.} 71. Rb8 Bc6 ({And not} 71... Rxa3 72. Re8+ Kf4 73. Kxf6 $15) (71... Ra8 $142 72. Rb4 Rxa3) 72. Rb3 (72. Rc8 $142) 72... Be8+ 73. Kg7 Ra7+ 74. Kf8 {Weighted Error Value: White=0.33/Black=0.37} 0-1

[Event "TUR-ch U13-18 Open 2023"]
[Site "Antalya"]
[Date "2023.01.28"]
[Round "10"]
[White "Ersoz, Teoman Guney"]
[Black "Celik, Ege Yigit"]
[Result "1/2-1/2"]
[ECO "A05"]
[WhiteElo "1691"]
[BlackElo "1891"]
[Annotator "NA RC COMBH"]
[PlyCount "64"]
[EventDate "2023.01.17"]
[EventType "swiss"]
[EventCountry "TUR"]
[SourceTitle "playchess.com"]
[Source "ChessBase"]
[SourceQuality "1"]
[TimeControl "5400+30"]

1. Nf3 Nf6 2. g3 b6 3. Bg2 Bb7 4. b3 e6 5. O-O Be7 6. Bb2 O-O 7. c4 d6 8. d4 c5 9. Nbd2 cxd4 10. Nxd4 Bxg2 11. Kxg2 Qc7 12. Rc1 Qb7+ 13. N2f3 a6 14. Kg1 Nc6 15. Nxc6 Qxc6 16. Qd3 Rfd8 17. Rfd1 Rac8 18. Ba3 Qb7 19. Nd4 h6 20. Bb4 Nd7 21. Qf3 Qxf3 22. Nxf3 Nc5 23. Kg2 Bf6 24. Bc3 Bxc3 25. Rxc3 Ne4 26. Rcc1 b5 27. Nd2 Nxd2 28. Rxd2 Kf8 29. Rdc2 b4 30. e4 Rc5 $11 31. Rd2 Ke7 32. Rcd1 a5 1/2-1/2